 Dungeon Crawl Stone Soup version 0.19-a0-994-g3c636f0 (webtiles) character file.

211198 mistymad the Warrior (level 19, -6/165 HPs)
             Began as a Formicid Abyssal Knight on July 18, 2016.
             Was the Champion of Lugonu.
             Mangled by Saint Roka
             ... wielding a +0 bardiche of distortion
              (19 damage)
             ... on level 2 of the Orcish Mines.
             The game lasted 01:43:17 (42082 turns).

mistymad the Warrior (Formicid Abyssal Knight)     Turns: 42082, Time: 01:43:18

Health: -6/165     AC: 46    Str: 37    XL:     19   Next: 60%
Magic:  17/25      EV: 13    Int: 11    God:    Lugonu [******]
Gold:   1745       SH:  2    Dex: 12    Spells: 0 memorised, 18 levels left

rFire  + . .     SeeInvis +     X - +3 battleaxe (chop)
rCold  x . .     Gourm    .     j - +12 crystal plate armour of Coath {-Cast rElec MR+++ Dex-3}
rNeg   . . .     Faith    .     (no shield)
rPois  +         Spirit   .     (helmet unavailable)
rElec  +         Dismiss  .     e - +0 cloak of Repulsion {Str+4 Stlth+}
rCorr  .         Reflect  +     G - +2 pair of gloves
SustAt .         Harm     .     a - +1 pair of boots
MR     +++++     NoCast   +     Z - +2 amulet of reflection
Stlth  ..........               p - ring of Rous {rElec rPois MR+ Str+3 SInv, =R}
                                T - ring "Rumugoju" {Fire rPois Str+4 Stlth+}

@: agile, almost entirely resistant to hostile enchantments, extremely
unstealthy
A: permanent stasis, dig shafts and tunnels, four strong arms, antennae 3
a: Dig, Shaft Self, Depart the Abyss, Bend Space, Banish, Corrupt, Enter the
Abyss, Brand Weapon With Distortion, Renounce Religion
}: 1/15 runes: gossamer


You were on level 2 of the Orcish Mines.
You worshipped Lugonu.
Lugonu was exalted by your worship.
You were very hungry.

You visited 5 branches of the dungeon, and saw 28 of its levels.
You visited the Abyss 1 time.
You visited 1 bazaar.
You also visited: Labyrinth.

You collected 2421 gold pieces.
You spent 676 gold pieces at shops.

Inventory:

Hand Weapons
 y - a +3 battleaxe
 X - a +3 battleaxe of chopping (weapon)
Missiles
 g - 2 throwing nets (quivered)
Armour
 a - a +1 pair of boots (worn)
 e - the +0 cloak of Repulsion (worn) {Str+4 Stlth+}
   (You acquired it on level 2 of the Spider Nest)

   It affects your strength (+4).
   It makes you more stealthy.
 j - the +12 crystal plate armour of Coath (worn) {-Cast rElec MR+++ Dex-3}
   (You took it off a minotaur in a labyrinth)

   It affects your dexterity (-3).
   It insulates you from electricity.
   It affects your resistance to hostile enchantments.
   It prevents spellcasting.
 t - a +0 cloak of invisibility
 z - the +2 buckler "Mocvakk" {*Drain rElec rN+ Dex+5, =R}
   (You bought it in a shop in a bazaar)

   It affects your dexterity (+5).
   It insulates you from electricity.
   It protects you from negative energy.
   It causes draining when unequipped.
 G - a +2 pair of gloves (worn)
Jewellery
 k - an uncursed ring of positive energy
 p - the ring of Rous (right hand) {rElec rPois MR+ Str+3 SInv, =R}
   (You found it in a labyrinth)

   [ring of see invisible]

   It affects your strength (+3).
   It insulates you from electricity.
   It protects you from poison.
   It affects your resistance to hostile enchantments.
   It lets you see invisible.
 v - an uncursed ring of resist corrosion
 C - an uncursed ring of protection from cold
 T - the ring "Rumugoju" (left hand) {Fire rPois Str+4 Stlth+}
   (You found it on level 14 of the Dungeon)

   [ring of fire]

   It enhances your fire magic, and weakens your ice magic.
   It affects your strength (+4).
   It protects you from fire.
   It makes you vulnerable to cold.
   It protects you from poison.
   It makes you more stealthy.
 Z - a +2 amulet of reflection (around neck)
Wands
 f - a wand of confusion (26/48)
 s - a wand of confusion (9/48)
 Q - a wand of slowing (11/48)
 U - a wand of acid (7/15)
Scrolls
 i - 6 scrolls of recharging
 m - 5 scrolls of fear
 o - 7 scrolls of remove curse
 r - 5 scrolls of immolation
 B - a scroll of enchant armour
 J - 6 scrolls of magic mapping
 M - a scroll of fog
 W - 2 scrolls of summoning
 Y - 2 scrolls of enchant weapon
Potions
 d - a potion of agility
 h - 4 potions of flight
 l - 2 potions of mutation
 x - 4 potions of resistance
 A - 2 potions of cure mutation
 H - 3 potions of beneficial mutation
 L - a potion of cancellation
 N - a potion of ambrosia
 O - 2 potions of haste {unknown}
Miscellaneous
 q - a phial of floods
 w - a phantom mirror
 V - a fan of gales
Comestibles
 c - 8 bread rations
 n - 12 meat rations
 u - 6 beef jerkies
 D - 6 chunks of flesh
 I - a slice of pizza
 R - 12 royal jellies
 S - 13 fruits


   Skills:
 + Level 18.9 Fighting
 + Level 16.8 Axes
 + Level 18.3 Armour
 - Level 1.0 Dodging
 - Level 9.6 Shields
 - Level 9.0 Invocations
 - Level 7.1 Evocations


You had 18 spell levels left.
You didn't know any spells.

Dungeon Overview and Level Annotations

Branches:
Dungeon (15/15)            Temple (0/1) D:7            Lair (6/6) D:9
 Shoals (0/4) Lair:2       Spider (4/4) Lair:3        Slime (0/5) Lair:5
    Orc (2/2) D:10            Elf (0/3) Orc:2        Vaults (1/5) D:13
 Depths: D:15

Altars:
Ashenzari
Cheibriados
Fedhas
Gozag
Makhleb
Nemelex Xobeh
Ru
Trog
Uskayaw
Xom
Beogh

Shops:
D:6 *   D:8 [   D:15 :   Orc:2 ([

Annotations:
Orc:2 Saint Roka


Innate Abilities, Weirdness & Mutations

You are under a permanent stasis effect.
You can dig through walls and to a lower floor.
Your four strong arms can wield two-handed weapons with a shield.
You have a pair of large antennae on your head. (SInv)


Message History

* * * LOW HITPOINT WARNING * * *
You take 15 damage, and have 32/165 hp.
You feel better.
Saint Roka roars a battlecry!
Saint Roka hits you with a bardiche of distortion!!
* * * LOW HITPOINT WARNING * * *
Space bends around you.
* * * LOW HITPOINT WARNING * * *
You hear a shout!
You take 20 damage, and have 12/165 hp.
Press: ? - help, Shift-Dir - straight line, f - Saint Roka
Aim: Saint Roka, wielding a bardiche of distortion and wearing a glowing plate armour (heavily wounded, chance to defeat MR: 39%) Saint Roka resists with some effort.
You feel somewhat more hungry.
You now have 21/25 mp.
Press: ? - help, Shift-Dir - straight line, f/p - Saint Roka
Aim: Saint Roka, wielding a bardiche of distortion and wearing a glowing plate armour (heavily wounded, chance to defeat MR: 39%) Saint Roka resists with some effort.
You are feeling very hungry.
Saint Roka hits you with a bardiche of distortion!!
You die...

......# #.....
.......##.....
........#.....
...........(.
##...$...)#
###.....(..##
####.###......#
##o#.{o#.......###
#@#{#{#...........
####{{{...........
##.{......∩.)..
####.....#.#..)..
.........####....
#.......#.##...).
.......o.........
#......o.........
##...............


You could see Saint Roka.

Vanquished Creatures
  Arachne (Spider:4)
  Rupert (Spider:1)
  Kirke (Lair:6)
  A fire giant (Vaults:1)
  An orc warlord (Orc:2)
  6 ghost moths
  A deep elf sorcerer (Vaults:1)
  2 emperor scorpions (Spider:4)
  3 ironheart preservers (Vaults:1)
  4 entropy weavers
  A dire elephant (Lair:6)
  The ghost of 4thArraOfDagon the Cleaver, a journeyman GrBe of Trog (D:15)
  4 spark wasps (Spider:4)
  An ettin (D:13)
  A minotaur (Lab)
  4 ogre magi (Vaults:1)
  2 yaktaur captains (Vaults:1)
  A fire dragon (Vaults:1)
  7 hydras
  Harold (Orc:1)
  An ice dragon (D:13)
  2 centaur warriors
  A catoblepas (Lair:6)
  A death knight (D:7)
  2 dancing weapons (D:13)
  A deep troll shaman (Lair:6)
  Urug (Orc:2)
  12 death yaks
  An orc high priest (Orc:2)
  A deep elf knight (Vaults:1)
  5 skeletal warriors (Vaults:1)
  2 shadow wraiths (Vaults:1)
  2 unseen horrors
  4 wizards
  A hill giant (shapeshifter) (D:13)
  5 hill giants
  3 ironbrand convokers (Vaults:1)
  A deep elf archer (Vaults:1)
  6 orc knights
  17 orb spiders
  29 wolf spiders
  3 griffons
  3 hornets
  7 orc sorcerers
  5 deep elf magi
  4 cyclopes
  A faun (shapeshifter) (Vaults:1)
  A manticore (D:13)
  20 ugly things
  2 moths of wrath
  2 elephants (Lair:6)
  A vault sentinel (Vaults:1)
  A centaur zombie (D:14)
  The ghost of mrath the Digger, a novice GrEE of Vehumet (D:6)
  Maurice (Orc:2)
  A siren (Lair:2)
  15 spiny frogs
  2 torpor snails
  3 gargoyles
  7 komodo dragons
  A storm dragon simulacrum (Vaults:1)
  2 freezing wraiths (Vaults:1)
  A kobold demonologist (D:13)
  A tengu conjurer (D:14)
  3 rime drakes
  15 demonic crawlers
  A queen bee (Spider:2)
  A meliai (shapeshifter) (Vaults:1)
  32 jumping spiders
  2 polar bears (Lair:6)
  6 meliai
  10 trolls
  A two-headed ogre (Vaults:1)
  13 slime creatures
  Prince Ribbit (D:7)
  A boulder beetle (Lair:6)
  A meliai zombie (D:13)
  12 blink frogs
  3 wraiths
  3 shadows
  47 tarantellas
  65 redbacks
  A vampire (D:9)
  2 fire elementals (D:13)
  47 yaks
  3 wyverns
  6 hogs (Lair:6)
  6 basilisks
  7 hippogriffs
  2 hungry ghosts
  2 steam dragons (Lair:4)
  5 mottled dragons
  8 vampire mosquitoes
  6 wargs
  A harpy simulacrum (D:15)
  13 water moccasins
  A soldier ant (D:12)
  7 porcupines
  28 orc warriors
  2 necrophages
  2 sky beasts (D:7)
  2 black bears
  6 wasps
  13 ogres
  7 ice beasts
  A phantom (D:8)
  5 wolves (Lair:6)
  An eye of draining (D:13)
  5 centaurs
  11 crocodiles
  4 big kobolds
  14 giant frogs
  A wyvern zombie (D:7)
  7 scorpions
  21 jellies
  19 killer bees
  13 wights
  9 electric eels
  11 howler monkeys
  6 crimson imps
  3 giant frog zombies
  22 orc priests
  3 centaur skeletons
  4 giant frog skeletons
  5 hounds
  32 orc wizards
  Ijyb (D:3)
  Terence (D:3)
  6 iguanas
  14 worker ants
  3 sheep
  A hound zombie (D:7)
  A hound skeleton (D:11)
  A howler monkey zombie (D:7)
  4 worker ant zombies
  3 gnolls
  33 river rats
  13 adders
  3 shadow imps
  22 oozes
  An adder zombie (D:8)
  An adder skeleton (D:7)
  3 worms
  A dart slug (D:1)
  3 giant geckos
  91 orcs
  17 bats
  8 giant cockroaches
  3 goblins (D:3)
  6 hobgoblins
  22 jackals
  33 kobolds
  4 quokkas
  A ball python (D:6)
  A giant gecko skeleton (D:8)
  8 giant newts
  A jackal skeleton (D:6)
  A quokka zombie (D:6)
  10 rats
  2 fungi
  10 plants
1151 creatures vanquished.

Vanquished Creatures (others)
  3 hydras
  An orb spider (Spider:1)
  A jumping spider (Spider:4)
  A blink frog (Lair:5)
  A redback (Spider:4)
  A crocodile (Lair:5)
  A bush (Lair:6)
  16 fungi
  25 plants
50 creatures vanquished.

Grand Total: 1201 creatures vanquished

Notes
Turn   | Place    | Note
-------+----------+-------------------------------------------
     0 | Abyss:1  | mistymad the Formicid Abyssal Knight began the quest for the Orb.
     0 | Abyss:1  | Reached XP level 1. HP: 18/18 MP: 2/2
    13 | D:1      | Escaped the Abyss
    32 | D:1      | Reached skill level 1 in Dodging
   308 | D:1      | Reached XP level 2. HP: 23/24 MP: 3/3
   787 | D:1      | Reached ** piety under Lugonu
   787 | D:1      | Reached XP level 3. HP: 27/29 MP: 4/4
  1272 | D:2      | Reached XP level 4. HP: 37/37 MP: 5/5
  1776 | D:3      | Noticed Ijyb
  1791 | D:3      | Killed Ijyb
  1791 | D:3      | Reached XP level 5. HP: 42/42 MP: 6/6
  1801 | D:3      | Noticed a hand axe
  1801 | D:3      | Noticed a hand axe
  1805 | D:3      | Found a hide-covered altar of Uskayaw.
  2028 | D:3      | Noticed Terence
  2049 | D:3      | Killed Terence
  2232 | D:3      | Found a sacrificial altar of Ru.
  2246 | D:3      | Found a bloodstained altar of Trog.
  2479 | D:3      | Reached XP level 6. HP: 12/49 MP: 7/7
  2725 | D:3      | Reached *** piety under Lugonu
  3297 | D:4      | Found a blossoming altar of Fedhas.
  3324 | D:4      | Noticed an ogre
  3334 | D:4      | Killed an ogre
  3334 | D:4      | Reached skill level 5 in Fighting
  3334 | D:4      | Reached XP level 7. HP: 14/56 MP: 8/8
  3860 | D:4      | Reached skill level 5 in Armour
  3922 | D:4      | Found a sparkling altar of Nemelex Xobeh.
  4279 | D:5      | Entered Level 5 of the Dungeon
  4879 | D:5      | Reached **** piety under Lugonu
  5019 | D:5      | Reached skill level 5 in Axes
  5019 | D:5      | Reached XP level 8. HP: 48/64 MP: 9/9
  5950 | D:6      | Noticed mrath's ghost (novice GrEE)
  6587 | D:6      | Found Ziul Emes's Serpentskin Sales.
  6686 | D:6      | Found an opulent altar of Gozag.
  7084 | D:6      | Reached XP level 9. HP: 72/72 MP: 10/10
  7657 | D:6      | Killed mrath's ghost
  7877 | D:7      | Found a shimmering altar of Xom.
  7885 | D:7      | Found a shimmering altar of Xom.
  7886 | D:7      | Found a shimmering altar of Xom.
  7899 | D:7      | Found a shimmering altar of Xom.
  7902 | D:7      | Found a staircase to the Ecumenical Temple.
  8005 | D:7      | Noticed a death knight
  8643 | D:7      | Got a shimmering plate armour
  8654 | D:7      | Identified the cursed +0 plate armour of the Gusle {rN+ MR+ MP-9 Str+4} (You found it on level 7 of the Dungeon)
  8678 | D:7      | Noticed Prince Ribbit
  8686 | D:7      | Killed Prince Ribbit
  8686 | D:7      | Reached XP level 10. HP: 70/82 MP: 2/11
  9995 | D:8      | Found a shattered altar of Ashenzari.
 10010 | D:8      | Reached ***** piety under Lugonu
 10107 | D:8      | Found a snail-covered altar of Cheibriados.
 10122 | D:8      | Found a burning altar of Makhleb.
 10181 | D:8      | Found a bloodstained altar of Trog.
 10250 | D:8      | Found Fedy's Armour Shop.
 10354 | D:9      | Found a bloodstained altar of Trog.
 10555 | D:9      | Found a staircase to the Lair.
 10577 | D:9      | You fall through a shaft for 3 floors!
 11143 | D:12     | Noticed a deep elf mage
 11157 | D:12     | Killed a deep elf mage
 11581 | D:12     | Reached skill level 10 in Fighting
 11626 | D:12     | Noticed a hill giant
 11635 | D:12     | Killed a hill giant
 11635 | D:12     | Reached skill level 10 in Armour
 11690 | D:12     | Reached XP level 11. HP: 89/91 MP: 3/12
 12020 | D:11     | Noticed a hill giant
 12026 | D:11     | Killed a hill giant
 12078 | D:11     | Noticed a brown ugly thing
 12086 | D:11     | Killed a brown ugly thing
 12086 | D:11     | Reached skill level 10 in Axes
 12187 | D:10     | Entered Level 10 of the Dungeon
 13619 | D:10     | Found a staircase to the Orcish Mines.
 13903 | D:10     | Noticed a hill giant
 13909 | D:10     | Killed a hill giant
 14535 | D:11     | Reached ****** piety under Lugonu
 14717 | D:11     | Reached XP level 12. HP: 81/100 MP: 4/13
 15069 | Lair:1   | Entered Level 1 of the Lair of Beasts
 15106 | Orc:1    | Entered Level 1 of the Orcish Mines
 15112 | Orc:1    | Found a roughly hewn altar of Beogh.
 15284 | Orc:1    | Noticed Harold
 15302 | Orc:1    | Killed Harold
 16331 | Lair:1   | Noticed a four-headed hydra
 16590 | Lair:1   | Killed an eight-headed hydra
 16860 | Lair:2   | Noticed an eight-headed hydra
 17172 | Lair:2   | Found a labyrinth entrance.
 17182 | Lab      | Entered a labyrinth
 17462 | Lab      | Noticed a minotaur
 17480 | Lab      | HP: 5/103 [minotaur/glaive (8)]
 17482 | Lab      | Killed a minotaur
 17486 | Lab      | Got a heavily runed crystal plate armour
 17497 | Lab      | Identified the +12 crystal plate armour of Coath {-Cast rElec MR+++ Dex-3} (You took it off a minotaur in a labyrinth)
 17865 | Lab      | Got a brightly glowing bronze ring
 17878 | Lair:2   | Identified the ring of Rous {rElec rPois MR+ Str+3 SInv} (You found it in a labyrinth)
 17889 | Lair:2   | Noticed a seven-headed hydra
 18390 | Orc:2    | Entered Level 2 of the Orcish Mines
 18451 | Orc:2    | Reached XP level 13. HP: 58/109 MP: 14/14
 18875 | Orc:2    | Noticed Urug
 18984 | Orc:2    | Killed Urug
 19634 | Orc:2    | Noticed an orc warlord
 19635 | Orc:2    | Noticed Maurice
 19662 | Orc:2    | Killed an orc warlord
 19831 | Orc:2    | Found a roughly hewn altar of Beogh.
 19942 | Orc:2    | Found Vutaut's Antique Armour Boutique.
 19944 | Orc:2    | Killed Maurice
 19973 | Orc:2    | Found a staircase to the Elven Halls.
 19999 | Orc:2    | Noticed Saint Roka
 21383 | D:13     | Found a flickering gateway to a bazaar.
 21389 | Bazaar   | Entered a bazaar
 21391 | Bazaar   | Found Uquot's General Store.
 21395 | Bazaar   | Found Ugeneal's Book Boutique.
 21395 | Bazaar   | Found Biruz's Armour Boutique.
 21395 | Bazaar   | Found Vuanun's Antique Weapon Boutique.
 21437 | Bazaar   | Bought the +2 buckler "Mocvakk" {*Drain rElec rN+ Dex+5} for 676 gold pieces
 21590 | D:13     | Reached skill level 1 in Shields
 21651 | D:13     | Found a gate to the Vaults.
 21664 | D:13     | Reached XP level 14. HP: 103/120 MP: 15/15
 22371 | D:13     | Identified the Grimoire of Summoning and Battle Magic
 22374 | D:13     | Identified Sif Muna's Handbook of the Boosting Voyage
 22946 | D:14     | Got a scorched silver ring
 22948 | D:14     | Identified the ring "Rumugoju" {Fire rPois Str+4 Stlth+} (You found it on level 14 of the Dungeon)
 23022 | D:14     | Noticed a ghost moth
 23022 | D:14     | a seven-headed hydra changed into a ghost moth
 23026 | D:14     | Killed a ghost moth
 23421 | D:14     | Reached skill level 5 in Invocations
 23702 | D:15     | Entered Level 15 of the Dungeon
 23738 | D:15     | Reached skill level 5 in Shields
 24105 | D:15     | Noticed 4thArraOfDagon's ghost (journeyman GrBe)
 24133 | D:15     | Killed 4thArraOfDagon's ghost
 24453 | D:15     | Found Ycug's Book Boutique.
 24540 | D:15     | Reached skill level 15 in Armour
 24561 | D:15     | Reached XP level 15. HP: 67/127 MP: 19/19
 25336 | Lair:2   | Found a staircase to the Shoals.
 25755 | Lair:3   | Found a hole to the Spider Nest.
 26077 | Lair:3   | Reached XP level 16. HP: 138/138 MP: 21/21
 26668 | Lair:4   | Found a burning altar of Makhleb.
 27416 | Lair:5   | Found a staircase to the Slime Pits.
 28404 | Lair:6   | Entered Level 6 of the Lair of Beasts
 28406 | Lair:6   | Noticed Kirke
 29553 | Lair:6   | Reached XP level 17. HP: 112/146 MP: 23/23
 29583 | Lair:6   | Identified Vehumet's Grimoire of Attacks (You found it on level 6 of the Lair of Beasts)
 29874 | Lair:6   | Killed Kirke
 30615 | Lair:2   | Reached skill level 1 in Evocations
 32173 | Spider:1 | Entered Level 1 of the Spider Nest
 32206 | Spider:1 | Reached skill level 15 in Axes
 32222 | Spider:1 | Noticed Rupert
 32251 | Spider:1 | Killed Rupert
 34382 | Spider:2 | Identified a scroll of acquirement
 34385 | Spider:2 | Got a distressingly furry cloak
 34396 | Spider:2 | Identified the +0 cloak of Repulsion {Str+4 Stlth+} (You acquired it on level 2 of the Spider Nest)
 34767 | Spider:2 | Reached skill level 5 in Evocations
 35477 | Spider:4 | Entered Level 4 of the Spider Nest
 35487 | Spider:4 | Reached XP level 18. HP: 150/155 MP: 24/24
 37272 | Spider:4 | Noticed Arachne
 37294 | Spider:4 | Killed Arachne
 37322 | Spider:4 | HP: 3/157 [disintegration (17)]
 37794 | Spider:4 | Got a gossamer rune of Zot
 39427 | Vaults:1 | Entered Level 1 of the Vaults
 39441 | Vaults:1 | Reached XP level 19. HP: 144/164 MP: 25/25
 42021 | Orc:2    | Found Jatz's Antique Weapon Emporium.
 42082 | Orc:2    | Mangled by Saint Roka

Vault maps used:
D:1:      evilmike_arrival_fibonacci_small
D:3:      kennysheep_six_static_rooms, dancing_weapons_uskayaw,
          nicolae_ru_awakened_eye, minmay_misc_feat_alley,
          trog_three_pillars_becter, uniq_terence, uniq_iyjb
D:4:      fedhas_altar_3, minitemple, kennysheep_mini_moat
D:5:      first_bread
D:6:      nicolae_gozag_cash_rules_everything_around_me, guppyfry_shop_venom
D:7:      minmay_opposing_rooms, xom_redecorated, serial_bayou_lake_a,
          uniq_prince_ribbit1
D:8:      evilmike_ruin_ashenzari, lemuel_round_altar, lightli_temple_of_fire,
          basic_altar, serial_shops, shop
D:9:      erik_lair_orcish_takeover, trog_butcher_becter
D:10:     david_orc_2
D:12:     serial_co_window_serial, co_window_corner_a, co_window_paths_a,
          co_window_corner_a, co_window_corner_a, co_window_cross_1,
          co_window_of_opportunity_b, co_window_2corner,
          co_window_unsneaky_path_d, co_window_broadway_c, co_window_paths_d,
          glass_columns_b
D:13:     cheibrodos_lost_city_excavation, erik_vaults_1, serial_shops,
          bzr_entry_safe, hangedman_little_slice_of_home, minmay_misc_feat_tower
D:14:     minmay_holes
D:15:     grunt_enter_depths_hoard, serial_shops, shop, serial_bayou_shore_a
Lair:1:   lemuel_slime, grunt_megastairs_1
Lair:2:   minmay_shoals_entry_lonely_mermaid, lab_entry_generic, pond,
          lemuel_fruit_tree, grunt_megastairs_2
Lair:3:   nicolae_spider_entry_tight_spaces
Lair:4:   basic_altar, guppyfry_lair_drakes
Lair:5:   nicolae_slime_entry_slimehenge, roderic_batcave
Lair:6:   grunt_lair_end_beastmaster, grunt_megastairs_4, serial_bayou_shore_b,
          infiniplex_staircase_pool_2, lemuel_fruit_fields, uniq_kirke
Spider:1: uniq_rupert
Spider:2: nicolae_looking_at_the_future
Spider:4: johnstein_spider_rune_arachne_lair
Orc:1:    nicolae_orc_accident_3, mines1_david, uniq_harold
Orc:2:    grunt_orc_cross, serial_shops, shop, minmay_orc_keep, uniq_erolcha,
          uniq_saint_roka, uniq_maurice
Vaults:1: dpeg_vaults_pockets_of_resistance, hangedman_vaults_hat,
          vaults_mumra_hexcomb, v_misc_30, v_rooms_3, grunt_vaults_twisty,
          v_misc_30, vaults_room_stairs_pillars, vaults_dpeg_diagonal
Lab:      labyrinth_mini_lab
Bazaar:   bazaar_minmay_cross

Skill      XL: |  1  2  3  4  5  6  7  8  9 10 11 12 13 14 15 16 17 18 19 |
---------------+----------------------------------------------------------+-----
Dodging        | 1 |  1.0
Fighting       | 4 5 6 7 8 10 11 12 14 16 17 18 | 18.9
Armour         | 3 4 5 6 8 10 11 13 14 15 16 17 18 | 18.3
Axes           | 3 4 5 6 7 9 10 11 13 14 15 16 | 16.8
Shields        | 2 5 6 8 9 |  9.6
Invocations    | 6 7 9 |  9.0
Evocations     | 5 7 |  7.1

Action                   |  1- 3 |  4- 6 |  7- 9 | 10-12 | 13-15 | 16-18 | 19-21 || total
-------------------------+-------+-------+-------+-------+-------+-------+-------++-------
Melee: Hand axe          |   113 |   244 |    49 |       |       |       |       ||   406
       Broad axe         |       |       |   221 |       |       |       |       ||   221
       Battleaxe         |       |       |   119 |   700 |   905 |  1463 |   282 ||  3469
Throw: Throwing net      |       |     1 |       |       |       |       |       ||     1
Invok: Bend Space        |       |       |     1 |     5 |     3 |     7 |     1 ||    17
       Banish            |       |       |       |       |       |     8 |     2 ||    10
 Abil: Dig               |       |     4 |     5 |    10 |     9 |    12 |     1 ||    41
       Shaft Self        |       |       |       |     1 |       |       |       ||     1
Evoke: Wand              |       |       |       |     4 |    17 |    31 |       ||    52
  Use: Scroll            |       |       |       |    23 |     4 |    10 |       ||    37
       Potion            |       |       |       |    11 |     3 |     6 |     3 ||    23
 Stab: Paralysed         |       |       |       |     8 |     1 |     3 |       ||    12
       Distracted        |       |       |       |       |     1 |       |       ||     1
       Held in net/web   |       |       |       |       |       |     1 |       ||     1
  Eat: Chunk             |     1 |     8 |    12 |    35 |    25 |    49 |     9 ||   139
       Bread ration      |       |       |     1 |     1 |       |       |       ||     2
       Pizza             |       |       |     1 |       |       |       |       ||     1
       Fruit             |       |       |       |       |     3 |       |       ||     3
Armor: Leather armour    |     9 |       |       |       |       |       |       ||     9
       Ring mail         |    36 |    52 |       |       |       |       |       ||    88
       Scale mail        |       |    79 |   237 |       |       |       |       ||   316
       Plate armour      |       |       |     7 |   639 |       |       |       ||   646
       Crystal plate arm |       |       |       |   168 |   887 |  2400 |   249 ||  3704
Dodge: Dodged            |    64 |   170 |   178 |   374 |   325 |   773 |    95 ||  1979
Block: Other             |       |       |       |       |     1 |   129 |    21 ||   151
       Reflection        |       |       |       |       |       |       |     2 ||     2
